 Dungeon Crawl Stone Soup version 0.22-a0-439-gac93bac (webtiles) character file.

861 Borgoz the Ducker (level 8, -1/67 HPs)
             Began as a Ghoul Gladiator on May 29, 2018.
             Slain by a sky beast (3 damage)
             ... on level 6 of the Dungeon.
             The game lasted 00:05:06 (4108 turns).

Borgoz the Ducker (Ghoul Gladiator)                 Turns: 4108, Time: 00:05:07

Health: -1/67      AC: 10    Str: 18    XL:     8   Next: 2%
Magic:  7/7        EV:  9    Int:  3    God:
Gold:   184        SH:  0    Dex: 12    Spells: 7/7 levels left

rFire    . . .     SeeInvis .     - Unarmed
rCold    + . .     Gourm    .   (no shield)
rNeg     + + +     Faith    .   o - +0 chain mail
rPois    ∞         Spirit   .   b - +0 helmet
rElec    .         Reflect  .   (no cloak)
rCorr    .         Harm     .   (no gloves)
MR       .....                  (no boots)
Stlth    ..........             (no amulet)
HPRegen  0.00/turn              (no ring)
MPRegen  0.10/turn              (no ring)

@: rotting, very slow
A: rotting body, claws 1, carnivore, cold resistance 1, negative energy
resistance 3, inhibited regeneration, torment resistance, unbreathing
a: no special abilities


You were on level 6 of the Dungeon.
You were not hungry.

You visited 1 branch of the dungeon, and saw 6 of its levels.

You collected 184 gold pieces.

Inventory:

Hand Weapons
 u - a +2 antimagic short sword
 v - a +2 antimagic war axe
Missiles
 c - 3 throwing nets (quivered)
Armour
 b - a +0 helmet (worn)
 o - a +0 chain mail (worn)
Wands
 n - a wand of acid (3)
Scrolls
 a - 2 scrolls of teleportation {unknown}
 e - 2 scrolls of noise {unknown}
 g - 3 scrolls of remove curse {unknown}
 j - a scroll of immolation {unknown}
 l - 13 scrolls of identify {unknown}
 m - 3 scrolls of amnesia {unknown}
 q - a scroll of magic mapping {unknown}
 x - a scroll of blinking {unknown}
Potions
 f - 2 potions of brilliance {unknown}
 i - a potion of cancellation {unknown}
 k - 2 potions of might {unknown}
 p - a potion of flight {unknown}
 r - a potion of mutation {unknown}
 s - 3 potions of lignification {unknown}
 t - a potion of ambrosia {unknown}
 w - 2 potions of heal wounds {unknown}
Comestibles
 d - 10 rations


   Skills:
 + Level 4.4 Fighting
 - Level 1.7 Throwing
 * Level 4.4 Armour
 * Level 5.2 Dodging
 + Level 5.1 Unarmed Combat


You had 7 spell levels left.
You didn't know any spells.
Your spell library was empty.

Dungeon Overview and Level Annotations

Branches:
Dungeon (6/15)
 Temple: D:4-7

Altars:
Cheibriados
Fedhas
Makhleb
Nemelex Xobeh
Ru
Sif Muna
Trog
Wu Jian
Yredelemnul
Zin
The Shining One


Innate Abilities, Weirdness & Mutations

Your body is rotting away.
You thrive on raw meat.
You are immune to poison.
You have sharp fingernails.
You are carnivorous and can eat meat at any time.
Your flesh is cold resistant. (rC+)
You are immune to negative energy. (rN+++)
You do not regenerate when monsters are visible.
You are immune to unholy pain and torment.
You can survive without breathing.


Message History

The sky beast hits you but does no damage.
You closely miss the sky beast.
The sky beast is heavily wounded.
The sky beast flickers out of sight!
Deactivating autopickup; reactivate with Ctrl-A.
Something hits you.
* * * LOW HITPOINT WARNING * * *
Something shocks you.
* * * LOW HITPOINT WARNING * * *
Your chain mail prevents you from hitting something.
A sky beast appears from thin air!
Reactivating autopickup.
The sky beast hits you.
* * * LOW HITPOINT WARNING * * *
The sky beast shocks you.
* * * LOW HITPOINT WARNING * * *
You enter the shallow water.
Moving in this stuff is going to be slow.
The sky beast hits you.
You die...

....# ##(#.#.### ....#
#........
....##############.###.###
#...##............(....###
#...##....................
#....#............###......
..##.#.....(......###......
.###.#...........(.........
................@Y.........
.........#########.........
.........# #........
#........# #....####
#........# #....#
#........# #....#
(........# #....#
.........# #....#
..##.##### #..?.#


You could see a sky beast.

Vanquished Creatures
  A centaur (D:6)
  2 eyes of draining (D:4)
  Blork the orc (D:4)
  A scorpion (D:5)
  A howler monkey (D:4)
  A jelly (D:6)
  A crimson imp (D:3)
  A hound (D:6)
  2 orc priests
  A bullfrog skeleton (D:6)
  2 orc wizards (D:4)
  An iguana (D:5)
  A worker ant (D:5)
  A howler monkey skeleton (D:4)
  5 adders
  2 oozes
  An adder skeleton (D:6)
  4 worms
  A dart slug (D:3)
  3 leopard geckos
  12 orcs
  6 giant cockroaches
  7 hobgoblins
  3 jackals (D:2)
  4 quokkas
  4 ball pythons
  3 bats (D:1)
  3 frilled lizards
  7 goblins
  11 kobolds
  A leopard gecko skeleton (D:5)
  A quokka skeleton (D:4)
  4 rats
99 creatures vanquished.

Notes
Turn   | Place    | Note
-------+----------+-------------------------------------------
     0 | D:1      | Borgoz the Ghoul Gladiator began the quest for the Orb.
     0 | D:1      | Reached XP level 1. HP: 17/17 MP: 0/0
   123 | D:1      | Reached XP level 2. HP: 24/24 MP: 1/1
   198 | D:1      | Reached skill level 1 in Armour
   367 | D:1      | Found a sparkling altar of Nemelex Xobeh.
   599 | D:1      | Reached XP level 3. HP: 27/30 MP: 2/2
   955 | D:2      | Reached XP level 4. HP: 37/37 MP: 3/3
  1931 | D:3      | Reached XP level 5. HP: 35/44 MP: 4/4
  2070 | D:3      | Found a basalt altar of Yredelemnul.
  2083 | D:3      | Found an ornate altar of the Wu Jian Council.
  2086 | D:3      | Found a glowing silver altar of Zin.
  2308 | D:3      | Found a burning altar of Makhleb.
  2570 | D:4      | Found a deep blue altar of Sif Muna.
  2570 | D:4      | Found a sacrificial altar of Ru.
  2574 | D:4      | Found a blossoming altar of Fedhas.
  2639 | D:3      | Reached XP level 6. HP: 37/51 MP: 5/5
  2702 | D:4      | Found a bloodstained altar of Trog.
  2702 | D:4      | Noticed an eye of draining
  2703 | D:4      | Noticed an eye of draining
  2716 | D:4      | Killed an eye of draining
  2731 | D:4      | Killed an eye of draining
  2752 | D:4      | Reached XP level 7. HP: 49/58 MP: 1/6
  2854 | D:4      | Noticed Blork the orc
  2866 | D:4      | Killed Blork the orc
  3250 | D:5      | Entered Level 5 of the Dungeon
  3734 | D:5      | Found a glowing golden altar of the Shining One.
  3970 | D:6      | Found a snail-covered altar of Cheibriados.
  4020 | D:6      | Reached skill level 5 in Dodging
  4058 | D:6      | Reached skill level 5 in Unarmed Combat
  4061 | D:6      | Reached XP level 8. HP: 33/67 MP: 7/7
  4067 | D:6      | HP: 3/67 [something (5)]
  4105 | D:6      | HP: 2/67 [sky beast (6)]
  4108 | D:6      | Slain by a sky beast

Vault maps used:
D:1:      lightli_arrival_statuegarden, hangedman_decor_push,
          nemelex_diamond_rough_becter
D:2:      first_ration
D:3:      makhleb_grotto_becter, minmay_overflow_temple_star_quad
D:4:      gammafunk_temple_overflow_forgotten, trog_eyes_of_draining,
          uniq_blork_the_orc
D:5:      lemuel_coloured_pillars_altar
D:6:      okawaru_ov_weapons_minmay, slow_altar_1

Skill      XL: |  1  2  3  4  5  6  7 |
---------------+----------------------+-----
Armour         | 1 2 3 4 |  4.4
Dodging        | 3 4 5 |  5.2
Unarmed Combat | 4 5 |  5.1
Fighting       | 3 4 |  4.4
Throwing       | |  1.7

Action                   |  1- 3 |  4- 6 |  7- 9 || total
-------------------------+-------+-------+-------++-------
Melee: Unarmed           |   103 |   190 |   141 ||   434
       Punch             |     2 |     5 |       ||     7
  Use: Potion            |       |       |     2 ||     2
 Stab: Sleeping          |     1 |       |       ||     1
  Eat: Chunk             |     9 |    13 |     4 ||    26
Armor: Leather armour    |    36 |    11 |       ||    47
       Chain mail        |       |    53 |    67 ||   120
Dodge: Dodged            |    66 |    68 |    62 ||   196

Table legend:
 A = Spawn XP
 B = Non-spawn XP
 C = Spawn XP percentage of total XP
 D = Spawn monster count
 E = Non-spawn monster count
 F = Spawn count percentage of total count
 G = Total turns spent on level
                    A         B        C        D         E        F      G
               +---------+---------+-------+---------+---------+-------+---------
         Total |       0 |    1231 |   0.0 |       0 |      99 |   0.0 |  4108
               +---------+---------+-------+---------+---------+-------+---------
           D:1 |       0 |      39 |   0.0 |       0 |      21 |   0.0 |   754
           D:2 |       0 |      53 |   0.0 |       0 |      18 |   0.0 |   564
           D:3 |       0 |     185 |   0.0 |       0 |      27 |   0.0 |  1279
           D:4 |       0 |     497 |   0.0 |       0 |      18 |   0.0 |   653
           D:5 |       0 |     140 |   0.0 |       0 |       5 |   0.0 |   685
           D:6 |       0 |     317 |   0.0 |       0 |      10 |   0.0 |   173
               +---------+---------+-------+---------+---------+-------+---------
